 Dungeon Crawl Stone Soup version 0.26-a0-1213-gd52f5182fe (webtiles) character file.

Game seed: 1321293465509798673

163 Dirian the Skirmisher (level 5, -12/50 HPs)
             Began as a Minotaur Delver on Dec 30, 2020.
             Shot with an arrow by a centaur (16 damage)
             ... on level 5 of the Dungeon.
             The game lasted 00:01:02 (60 turns).

Dirian the Skirmisher (Minotaur Delver)               Turns: 60, Time: 00:01:02

Health: -12/50     AC:  3    Str: 18    XL:     5   Next: 20%
Magic:  4/4        EV: 12    Int:  7    God:
Gold:   12         SH:  0    Dex: 11    Spells: 4/4 levels left

rFire    . . .     SeeInvis .   h - +3 hand axe
rCold    . . .     Faith    .   (no shield)
rNeg     . . .     Spirit   .   b - +0 leather armour
rPois    .         Reflect  .   (helmet restricted)
rElec    .         Harm     .   (no cloak)
rCorr    .         Rampage  .   (no gloves)
Will     .....                  (no boots)
Stlth    ++........             (no amulet)
HPRegen  0.16/turn              (no ring)
MPRegen  0.09/turn              (no ring)

@: no status effects
A: retaliatory headbutt, horns 2
a: no special abilities


You were on level 5 of the Dungeon.
You visited 1 branch of the dungeon, and saw 1 of its levels.

You collected 12 gold pieces.

Inventory:

Hand Weapons
 a - a +0 hand axe
 h - a +3 hand axe (weapon)
Armour
 b - a +0 leather armour (worn)
Wands
 v - a wand of digging (3)
Scrolls
 c - a scroll of fog
 d - a scroll of magic mapping
 e - a scroll of fear
 f - a scroll of enchant armour {unknown}
 g - a scroll of amnesia {unknown}
 i - a scroll of identify {unknown}


   Skills:
 + Level 5.6 Fighting
 + Level 4.8 Axes
 + Level 0.4 Armour
 - Level 2.1 Dodging
 - Level 4.1 Stealth


You had 4 spell levels left.
You didn't know any spells.
Your spell library was empty.

Dungeon Overview and Level Annotations

Branches:
Dungeon (5/15)
 Temple: D:4-7

Altars:


Innate Abilities, Weirdness & Mutations

You reflexively headbutt those who attack you in melee.
You have a pair of horns on your head.


Message History

Items here: )) [ ††.
Found a mace.
The adder hisses angrily.
A centaur comes into view.
You barely miss the adder.
The centaur wields a +0 shortbow.
The centaur shoots an arrow.
The arrow hits you!
* * * LOW HITPOINT WARNING * * *
The adder bites you.
* * * LOW HITPOINT WARNING * * *
You hit the adder.
The adder is heavily wounded.
The adder bites you.
* * * LOW HITPOINT WARNING * * *
You slash the adder!
You kill the adder!
You feel yourself slow down.
The centaur shoots an arrow.
The arrow closely misses you.
The centaur shoots an arrow.
The arrow closely misses you.
The centaur shoots an arrow.
The arrow hits you!
You die...

.# .## ..#
##..# .## #
##...#
...#.#..(.#
.##.#.#[...#
........().#
##.#.#@####
#......######
....#.#))....#
.# #.#.####.##
c #.......## .#
#.##.....####
##
#.##........#
#.##.....#..##.
#..............


You could see a centaur.

Vanquished Creatures
  An ogre (D:5)
  An orc wizard (D:5)
  An orc priest (D:5)
  An adder (D:5)
  2 orcs (D:5)
  A ball python (D:5)
7 creatures vanquished.

Notes
Turn   | Place    | Note
-------+----------+-------------------------------------------
     0 | D:5      | Dirian the Minotaur Delver began the quest for the Orb.
     0 | D:5      | Reached XP level 1. HP: 19/19 MP: 0/0
    20 | D:5      | Noticed an orc wizard
    24 | D:5      | Noticed an ogre
    24 | D:5      | Noticed an orc priest
    33 | D:5      | Killed an orc wizard
    34 | D:5      | Reached skill level 4 in Fighting
    34 | D:5      | Reached XP level 2. HP: 23/28 MP: 1/1
    34 | D:5      | Reached XP level 3. HP: 28/34 MP: 2/2
    41 | D:5      | Killed an ogre
    42 | D:5      | Reached skill level 5 in Fighting
    42 | D:5      | Reached XP level 4. HP: 19/42 MP: 3/3
    42 | D:5      | Reached XP level 5. HP: 22/49 MP: 4/4
    56 | D:5      | Noticed a centaur
    60 | D:5      | Shot with an arrow by a centaur

Illustrated notes

Levels and vault maps discovered:
D:5:      layout_loops_cross

Skill      XL: |  1  2  3 |
---------------+----------+-----
Fighting       | 4 5 |  5.6
Axes           | 3 4 |  4.8
Armour         | |  0.4
Dodging        | |  2.1
Stealth        | |  4.1

Action                   |  1- 3 |  4- 6 || total
-------------------------+-------+-------++-------
Melee: Hand axe          |    12 |     3 ||    15
       Headbutt          |     2 |       ||     2
  Use: Potion            |     1 |       ||     1
Armor: Leather armour    |     1 |       ||     1
Dodge: Dodged            |     9 |     2 ||    11

Table legend: (Time is in decaauts)
 A = Elapsed time spent in this place.
 B = Non-inter-level travel time spent in this place.
 C = Inter-level travel time spent in this place.
 D = Time resting spent in this place.
 E = Time spent auto-exploring this place.
 F = Levels seen in this place.
 G = Mean time per level.
                   A        B        C        D        E       F      G
               +--------+--------+--------+--------+--------+-----+--------+
         Total |     48 |     48 |      0 |      0 |     18 |   1 |   48.0 |
       Dungeon |     48 |     48 |      0 |      0 |     18 |   1 |   48.0 |
               +--------+--------+--------+--------+--------+-----+--------+

Top non-repeatable levels by time:
     D:5: 48 daAuts
